Pick #1

Connor Bedard
Pick #2

Leo Carlsson
Pick #3

Adam Fantilli
Pick #4

Matvei Michkov
Pick #5

David Reinbacher
Pick #6

William Smith
Pick #7

Zachary Benson
Pick #8

Ryan Leonard
Pick #9

Gabriel Perreault
Pick #10

Axel Sandin-Pellika
Pick #11

Daniil But
Pick #12

Dalibor Dvorsky
Pick #13

Quentin Musty
Pick #14

Brayden Yager
Pick #15

Dmitry Simashev
Pick #16

Colby Barlow
Pick #17

Andrew Cristall
Pick #18

Easton Cowan
Pick #19

Jacob Fowler
Pick #20

Oliver Moore
Pick #21

Oliver Bonk
Pick #22

Tom Willander
Pick #23

Calum Ritchie
Pick #24

Tanner Molendyk
Pick #25

Gavin Brindley
Pick #26

Nate Danielson
Pick #27

Pick #28

Pick #29

Pick #30

Pick #31

Pick #32

Pick #33

Pick #34

Pick #35

Pick #36

Pick #37

Pick #38

Pick #39

Pick #40

Pick #41

Pick #42

Pick #43

Pick #44

Pick #45

Pick #46

Pick #47

Pick #48

Pick #49

Pick #50

Pick #51

Pick #52

Pick #53

Pick #54

Pick #55

Pick #56

Pick #57

Pick #58

Pick #59

Pick #60

Pick #61

Pick #62

Pick #63

Pick #64

Pick #65

Pick #66

Pick #67

Pick #68

Pick #69

Pick #70

Pick #71

Pick #72

Pick #73

Pick #74

Pick #75

Pick #76

Pick #77

Pick #78

Pick #79

Pick #80

Pick #81

Pick #82

Pick #83

Pick #84

Pick #85

Pick #86

Pick #87

Pick #88

Pick #89

Pick #90

Pick #91

Pick #92

Pick #93

Pick #94

Pick #95

Pick #96

Pick #97

Pick #98

Pick #99

Pick #100

Pick #101

Pick #102

Pick #103

Pick #104

Pick #105

Pick #106

Pick #107

Pick #108

Pick #109

Pick #110

Pick #111

Pick #112

Pick #113

Pick #114

Pick #115

Pick #116

Pick #117

Pick #118

Pick #119

Pick #120

Pick #121

Pick #122

Pick #123

Pick #124

Pick #125

Pick #126

Pick #127

Pick #128

Pick #129

Pick #130

Full Scoreboard »»

Capitals vs Flyers

Created - November 1, 2023 at 09:23

Goals
1 2 3 T
Capitals 1 1 0 2
Flyers 3 1 1 5
Shots
1 2 3 T
Capitals 6 12 9 27
Flyers 11 17 16 44

GoalsPenalties
1st period
1. Flyers , Mika Zibanejad 3 (Alex Pietrangelo 6, Jake DeBrusk 2) at 1:13
2. Flyers , Mika Zibanejad 4 (Alex Pietrangelo 7, William Nylander 3) at 2:48
3. Flyers , Mika Zibanejad 5 (William Nylander 4, Dante Fabbro 1) at 7:13
4. Capitals , Jordan Greenway 4 (Kevin Labanc 2, Vinnie Hinostroza 1) at 17:34
No Penalty
2nd period
5. Flyers , Robert Thomas 1 (Erik Johnson 3, Johnny Gaudreau 3) at 4:47
6. Capitals , Tyler Johnson 1 (Brad Hunt 1, Michael Rasmussen 2) at 15:53 (PP)
Johnny Gaudreau (PHI) for Diving (Minor) at 14:55
3rd period
7. Flyers , Robert Thomas 2 (Johnny Gaudreau 4, Jared McCann 6) at 9:21
Joel Farabee (PHI) for Hooking (Minor) at 7:06
Eetu Luostarinen (PHI) for Cross-checking (Minor) at 9:54
Brandon Tanev (PHI) for Elbowing (Minor) at 17:13
Goalie Stats
Joonas Korpisalo (WSH), 26 saves from 27 shots - (0.963), 35:13 minutes
Pyotr Kochetkov (WSH), 13 saves from 17 shots - (0.765), L, 0-2-1, 24:47 minutes
Linus Ullmark (PHI), 25 saves from 27 shots - (0.926), W, 6-3-1, 60:00 minutes
3 StarsOfficial
1 - Mika Zibanejad (PHI)
2 - Robert Thomas (PHI)
3 - William Nylander (PHI)
Referees : Andrew Wilk and Shaun Davis
Linesman : Matt Brady and Andrew Smith
Game Note
Mika Zibanejad has scored a Hat Trick!
Joonas Korpisalo enters game at 4:47 of 2nd period
Tyler Johnson is injured at 2:57 of 3rd period (Strained Left Knee)
Finance
Level 1 -- Attendance: 6500 (100.00%) -- Ticket Income $682,500
Level 2 -- Attendance: 5000 (100.00%) -- Ticket Income $375,000
Level 3 -- Attendance: 3220 (92.00%) -- Ticket Income $177,100
Level 4 -- Attendance: 1565 (100.00%) -- Ticket Income $62,600
Luxury Box -- Attendance: 912 (91.20%) -- Ticket Income $181,488
Game was played at the Wells Fargo Center.
Total Attendance: 17197 (97.90%)
Total Ticket Income: $1,478,688
Other Income: $369,672
Total Income: $1,848,360



Team Name Goals Shots Shots Attemp Shots Blocked PIM HIT PP PK FO%
Capitals 2274370261 / 4 (25%)045%
Flyers 5447248190 / 0 (0.00%155%

Capitals
Player Name POS G A P +/- PIM HIT SHT SB MP PP MP PP SHT PK MP PK SHT FO% FOT
Ben HuttonD000-2030113:380:0000:0000% 0
Brad HuntD0110000020:062:3700:0000% 0
Calen AddisonD000000000:000:0000:0000% 0
Christian FischerRW000-1011011:410:0000:0000% 0
Cody CeciD000-2000126:164:1800:0000% 0
David KampfC000-2002014:100:0000:0000% 0
Filip ZadinaRW000000005:110:0000:0000% 1
Jonas SiegenthalerD0000061220:062:3700:0000% 0
Jordan GreenwayLW1010063020:424:1810:000100% 1
Kaapo KakkoRW000-3001023:252:5010:0000% 1
Kevin LabancRW0110013120:294:0500:00050% 2
Michael RasmussenC011-1032019:292:5010:00042% 19
Morgan FrostC000-3012023:042:2900:000100% 1
Noah DobsonD000-2022126:164:1820:0000% 0
Quinton ByfieldC000-1024020:114:0510:00036% 11
Samuel BolducD000000000:000:0000:0000% 0
Tyler JohnsonC101-2014016:310:0810:00046% 24
Vinnie HinostrozaC011-1002118:450:0000:00048% 29
Flyers
Player Name POS G A P +/- PIM HIT SHT SB MP PP MP PP SHT PK MP PK SHT FO% FOT
Aaron EkbladD000-1021123:340:0004:0100% 0
Alex PietrangeloD0222002123:090:0002:5400% 0
Brandon TanevLW0000231013:340:0003:1800% 0
Calle JarnkrokC0000001010:390:0000:22081% 16
Dante FabbroD0113001013:170:0000:0000% 0
Eetu LuostarinenC000020008:560:0001:55060% 10
Erik JohnsonD0113020013:170:0000:0000% 0
Fabian ZetterlundLW000001007:020:0000:0000% 0
Jake DeBruskLW0113003015:040:0000:0000% 1
Jared McCannLW0111024020:420:0000:0000% 2
Joel FarabeeLW0000202011:580:0001:4200% 0
Johnny GaudreauLW0221214020:410:0000:00067% 3
Mika ZibanejadC3033006019:390:0004:35046% 24
Robert ThomasC20210010022:400:0001:58250% 32
Tomas TatarLW000001107:020:0000:000100% 1
Victor HedmanD000-1022124:210:0004:0100% 0
Vince DunnD0002033122:220:0002:5400% 0
William NylanderRW0223023015:040:0000:0000% 0



Play-by-Play

1st period


0:01 of 1st period - Tyler Johnson wins face-off versus Robert Thomas in neutral zone.
1:13 of 1st period - Shot by Mika Zibanejad.
1:13 of 1st period - Goal by Mika Zibanejad - Capitals : 0 - Flyers : 1.
1:14 of 1st period - Calle Jarnkrok wins face-off versus Vinnie Hinostroza in neutral zone.
1:37 of 1st period - Shot by Calle Jarnkrok.
1:37 of 1st period - Shot Misses the Net.
2:25 of 1st period - Mika Zibanejad is hit by Jonas Siegenthaler and loses puck.
2:44 of 1st period - Shot by William Nylander.
2:44 of 1st period - Stopped by Pyotr Kochetkov with a rebound.
2:48 of 1st period - Shot by Mika Zibanejad.
2:48 of 1st period - Goal by Mika Zibanejad - Capitals : 0 - Flyers : 2.
2:49 of 1st period - Michael Rasmussen wins face-off versus Eetu Luostarinen in neutral zone.
3:21 of 1st period - Shot by Tomas Tatar.
3:21 of 1st period - Shot Misses the Net.
3:59 of 1st period - Shot by Robert Thomas.
3:59 of 1st period - Shot Blocked by Ben Hutton.
4:17 of 1st period - Shot by Johnny Gaudreau.
4:17 of 1st period - Stopped by Pyotr Kochetkov without a rebound.
4:18 of 1st period - Tyler Johnson wins face-off versus Mika Zibanejad in Capitals zone.
4:25 of 1st period - Shot by Jake DeBrusk.
4:25 of 1st period - Shot Misses the Net.
4:48 of 1st period - Shot by William Nylander.
4:48 of 1st period - Shot Misses the Net.
5:55 of 1st period - Shot by Robert Thomas.
5:55 of 1st period - Stopped by Pyotr Kochetkov with a rebound.
6:41 of 1st period - Shot by Tyler Johnson.
6:41 of 1st period - Stopped by Linus Ullmark without a rebound.
6:42 of 1st period - Vinnie Hinostroza wins face-off versus Eetu Luostarinen in Flyers zone.
6:58 of 1st period - Shot by Tomas Tatar.
6:58 of 1st period - Stopped by Pyotr Kochetkov without a rebound.
6:59 of 1st period - Mika Zibanejad wins face-off versus Tyler Johnson in Capitals zone.
7:13 of 1st period - Shot by Mika Zibanejad.
7:13 of 1st period - Goal by Mika Zibanejad - Capitals : 0 - Flyers : 3.
7:14 of 1st period - Vinnie Hinostroza wins face-off versus Jared McCann in neutral zone.
7:16 of 1st period - Off-side.
7:17 of 1st period - Robert Thomas wins face-off versus Vinnie Hinostroza in neutral zone.
8:23 of 1st period - Shot by Joel Farabee.
8:23 of 1st period - Shot Misses the Net.
8:25 of 1st period - Shot by Victor Hedman.
8:25 of 1st period - Stopped by Pyotr Kochetkov without a rebound.
8:26 of 1st period - Mika Zibanejad wins face-off versus Michael Rasmussen in Capitals zone.
8:36 of 1st period - Michael Rasmussen is hit by Erik Johnson and loses puck.
8:41 of 1st period - Shot by Quinton Byfield.
8:41 of 1st period - Stopped by Linus Ullmark with a rebound.
8:45 of 1st period - Shot by Michael Rasmussen.
8:45 of 1st period - Shot Misses the Net.
9:24 of 1st period - Icing by Noah Dobson.
9:25 of 1st period - Calle Jarnkrok wins face-off versus Tyler Johnson in Capitals zone.
10:23 of 1st period - Shot by Robert Thomas.
10:23 of 1st period - Shot Blocked by Noah Dobson.
10:25 of 1st period - Shot by Robert Thomas.
10:25 of 1st period - Deflect By Johnny Gaudreau.
10:25 of 1st period - Stopped by Pyotr Kochetkov with a rebound.
10:27 of 1st period - Shot by Robert Thomas.
10:27 of 1st period - Shot Misses the Net.
10:29 of 1st period - Shot by Jared McCann.
10:29 of 1st period - Stopped by Pyotr Kochetkov without a rebound.
10:30 of 1st period - Eetu Luostarinen wins face-off versus Quinton Byfield in Capitals zone.
11:05 of 1st period - Quinton Byfield is hit by Fabian Zetterlund and loses puck.
11:21 of 1st period - Icing by Jonas Siegenthaler.
11:22 of 1st period - Robert Thomas wins face-off versus Quinton Byfield in Capitals zone.
11:37 of 1st period - Off-side.
11:38 of 1st period - Vinnie Hinostroza wins face-off versus Mika Zibanejad in neutral zone.
11:48 of 1st period - Icing by Cody Ceci.
11:49 of 1st period - Robert Thomas wins face-off versus Vinnie Hinostroza in Capitals zone.
13:01 of 1st period - Off-side.
13:02 of 1st period - Tyler Johnson wins face-off versus Calle Jarnkrok in neutral zone.
13:27 of 1st period - Dante Fabbro is hit by Ben Hutton and loses puck.
14:20 of 1st period - Shot by Quinton Byfield.
14:20 of 1st period - Stopped by Linus Ullmark without a rebound.
14:21 of 1st period - Johnny Gaudreau wins face-off versus Filip Zadina in Flyers zone.
14:21 of 1st period - Johnny Gaudreau is hit by Michael Rasmussen.
14:40 of 1st period - Filip Zadina is hit by Victor Hedman and loses puck.
15:00 of 1st period - Jared McCann is hit by Jonas Siegenthaler and loses puck.
15:17 of 1st period - Shot by Kevin Labanc.
15:17 of 1st period - Stopped by Linus Ullmark with a rebound.
15:36 of 1st period - Off-side.
15:37 of 1st period - Tyler Johnson wins face-off versus Calle Jarnkrok in neutral zone.
15:39 of 1st period - Kaapo Kakko is hit by Brandon Tanev and loses puck.
16:02 of 1st period - Shot by Joel Farabee.
16:02 of 1st period - Shot Misses the Net.
17:24 of 1st period - Shot by Jake DeBrusk.
17:24 of 1st period - Stopped by Pyotr Kochetkov without a rebound.
17:25 of 1st period - Vinnie Hinostroza wins face-off versus Jared McCann in Capitals zone.
17:34 of 1st period - Shot by Jordan Greenway.
17:34 of 1st period - Goal by Jordan Greenway - Capitals : 1 - Flyers : 3.
17:35 of 1st period - Vinnie Hinostroza wins face-off versus Robert Thomas in neutral zone.
18:16 of 1st period - Robert Thomas is hit by Jonas Siegenthaler and loses puck.
19:29 of 1st period - Shot by Tyler Johnson.
19:29 of 1st period - Shot Misses the Net.
19:31 of 1st period - Shot by Morgan Frost.
19:31 of 1st period - Shot Misses the Net.
19:33 of 1st period - Shot by Kaapo Kakko.
19:33 of 1st period - Shot Misses the Net.
19:35 of 1st period - Shot by David Kampf.
19:35 of 1st period - Stopped by Linus Ullmark without a rebound.
19:36 of 1st period - Calle Jarnkrok wins face-off versus Tyler Johnson in Flyers zone.
19:36 of 1st period - Calle Jarnkrok is hit by Tyler Johnson.
19:41 of 1st period - Aaron Ekblad is hit by Ben Hutton and loses puck.
19:55 of 1st period - Kaapo Kakko is hit by Aaron Ekblad and loses puck.
Goals for this period are 1 for Capitals vs 3 for Flyers.
Shots for this period are 6 for Capitals vs 11 for Flyers.

2nd period


0:01 of 2nd period - Johnny Gaudreau wins face-off versus Tyler Johnson in neutral zone.
0:30 of 2nd period - Shot by Johnny Gaudreau.
0:30 of 2nd period - Stopped by Pyotr Kochetkov without a rebound.
0:31 of 2nd period - Michael Rasmussen wins face-off versus Mika Zibanejad in Capitals zone.
0:36 of 2nd period - Vince Dunn is hit by Michael Rasmussen and loses puck.
0:55 of 2nd period - Shot by Mika Zibanejad.
0:55 of 2nd period - Shot Blocked by Jonas Siegenthaler.
0:57 of 2nd period - Shot by Vince Dunn.
0:57 of 2nd period - Stopped by Pyotr Kochetkov without a rebound.
0:58 of 2nd period - Robert Thomas wins face-off versus Tyler Johnson in Capitals zone.
1:06 of 2nd period - Icing by Aaron Ekblad.
1:07 of 2nd period - Tyler Johnson wins face-off versus Robert Thomas in Flyers zone.
1:44 of 2nd period - Icing by Cody Ceci.
1:45 of 2nd period - Tyler Johnson wins face-off versus Mika Zibanejad in Capitals zone.
1:47 of 2nd period - Icing by Noah Dobson.
1:48 of 2nd period - Tyler Johnson wins face-off versus Mika Zibanejad in Capitals zone.
2:05 of 2nd period - Shot by Tyler Johnson.
2:05 of 2nd period - Stopped by Linus Ullmark without a rebound.
2:06 of 2nd period - Robert Thomas wins face-off versus Vinnie Hinostroza in Flyers zone.
2:16 of 2nd period - Shot by Jared McCann.
2:16 of 2nd period - Shot Misses the Net.
2:20 of 2nd period - Shot by Robert Thomas.
2:20 of 2nd period - Shot Misses the Net.
2:22 of 2nd period - Shot by Johnny Gaudreau.
2:22 of 2nd period - Stopped by Pyotr Kochetkov without a rebound.
2:23 of 2nd period - Mika Zibanejad wins face-off versus Michael Rasmussen in Capitals zone.
2:28 of 2nd period - Shot by William Nylander.
2:28 of 2nd period - Stopped by Pyotr Kochetkov without a rebound.
2:29 of 2nd period - Robert Thomas wins face-off versus Vinnie Hinostroza in Capitals zone.
2:48 of 2nd period - Shot by Kevin Labanc.
2:48 of 2nd period - Stopped by Linus Ullmark with a rebound.
3:04 of 2nd period - Shot by Robert Thomas.
3:04 of 2nd period - Shot Misses the Net.
3:06 of 2nd period - Shot by Vince Dunn.
3:06 of 2nd period - Stopped by Pyotr Kochetkov without a rebound.
3:07 of 2nd period - Mika Zibanejad wins face-off versus Tyler Johnson in Capitals zone.
4:05 of 2nd period - David Kampf is hit by William Nylander.
4:11 of 2nd period - Shot by Christian Fischer.
4:11 of 2nd period - Stopped by Linus Ullmark without a rebound.
4:12 of 2nd period - Vinnie Hinostroza wins face-off versus Robert Thomas in Flyers zone.
4:16 of 2nd period - Icing by Dante Fabbro.
4:17 of 2nd period - Vinnie Hinostroza wins face-off versus Robert Thomas in Flyers zone.
4:22 of 2nd period - Shot by Vinnie Hinostroza.
4:22 of 2nd period - Stopped by Linus Ullmark without a rebound.
4:23 of 2nd period - Robert Thomas wins face-off versus Michael Rasmussen in Flyers zone.
4:37 of 2nd period - Robert Thomas is hit by Noah Dobson and loses puck.
4:47 of 2nd period - Shot by Robert Thomas.
4:47 of 2nd period - Goal by Robert Thomas - Capitals : 1 - Flyers : 4.
4:47 of 2nd period - Joonas Korpisalo enters game.
4:48 of 2nd period - Eetu Luostarinen wins face-off versus Tyler Johnson in neutral zone.
5:08 of 2nd period - Morgan Frost is hit by Vince Dunn and loses puck.
5:23 of 2nd period - Icing by Tomas Tatar.
5:24 of 2nd period - Eetu Luostarinen wins face-off versus Vinnie Hinostroza in Flyers zone.
5:24 of 2nd period - Eetu Luostarinen is hit by Jordan Greenway.
5:29 of 2nd period - Off-side.
5:30 of 2nd period - Robert Thomas wins face-off versus Vinnie Hinostroza in neutral zone.
5:30 of 2nd period - Robert Thomas is hit by Jordan Greenway.
5:36 of 2nd period - Shot by Jared McCann.
5:36 of 2nd period - Shot Misses the Net.
5:46 of 2nd period - Shot by Jordan Greenway.
5:46 of 2nd period - Stopped by Linus Ullmark without a rebound.
5:47 of 2nd period - Calle Jarnkrok wins face-off versus Tyler Johnson in Flyers zone.
6:05 of 2nd period - Shot by Tyler Johnson.
6:05 of 2nd period - Stopped by Linus Ullmark with a rebound.
6:07 of 2nd period - Shot by Jonas Siegenthaler.
6:07 of 2nd period - Stopped by Linus Ullmark with a rebound.
7:20 of 2nd period - Shot by Kevin Labanc.
7:20 of 2nd period - Deflect By Vinnie Hinostroza.
7:20 of 2nd period - Stopped by Linus Ullmark without a rebound.
7:21 of 2nd period - Robert Thomas wins face-off versus Michael Rasmussen in Flyers zone.
8:27 of 2nd period - Icing by Erik Johnson.
8:28 of 2nd period - Vinnie Hinostroza wins face-off versus Mika Zibanejad in Flyers zone.
8:45 of 2nd period - Shot by William Nylander.
8:45 of 2nd period - Shot Blocked by Kevin Labanc.
8:54 of 2nd period - Noah Dobson is hit by Erik Johnson and loses puck.
9:01 of 2nd period - Shot by Jordan Greenway.
9:01 of 2nd period - Shot Misses the Net.
9:20 of 2nd period - Icing by Noah Dobson.
9:21 of 2nd period - Tomas Tatar wins face-off versus Vinnie Hinostroza in Capitals zone.
9:42 of 2nd period - Alex Pietrangelo is hit by Jordan Greenway and loses puck.
10:22 of 2nd period - Shot by Tyler Johnson.
10:22 of 2nd period - Shot Misses the Net.
10:24 of 2nd period - Shot by Morgan Frost.
10:24 of 2nd period - Stopped by Linus Ullmark without a rebound.
10:25 of 2nd period - Quinton Byfield wins face-off versus Mika Zibanejad in Flyers zone.
10:28 of 2nd period - Shot by Filip Zadina.
10:28 of 2nd period - Shot Misses the Net.
10:51 of 2nd period - Shot by William Nylander.
10:51 of 2nd period - Stopped by Joonas Korpisalo without a rebound.
10:52 of 2nd period - Tyler Johnson wins face-off versus Robert Thomas in Capitals zone.
10:59 of 2nd period - Dante Fabbro is hit by Morgan Frost and loses puck.
11:14 of 2nd period - Shot by Robert Thomas.
11:14 of 2nd period - Stopped by Joonas Korpisalo without a rebound.
11:15 of 2nd period - Mika Zibanejad wins face-off versus Michael Rasmussen in Capitals zone.
11:33 of 2nd period - Icing by Aaron Ekblad.
11:34 of 2nd period - Vinnie Hinostroza wins face-off versus Mika Zibanejad in Flyers zone.
11:47 of 2nd period - Shot by Mika Zibanejad.
11:47 of 2nd period - Stopped by Joonas Korpisalo without a rebound.
11:48 of 2nd period - Robert Thomas wins face-off versus Tyler Johnson in Capitals zone.
11:55 of 2nd period - Shot by Jared McCann.
11:55 of 2nd period - Stopped by Joonas Korpisalo without a rebound.
11:56 of 2nd period - Robert Thomas wins face-off versus Tyler Johnson in Capitals zone.
12:26 of 2nd period - Icing by Kaapo Kakko.
12:27 of 2nd period - Tyler Johnson wins face-off versus Jake DeBrusk in Capitals zone.
13:12 of 2nd period - Shot by Mika Zibanejad.
13:12 of 2nd period - Shot Misses the Net.
13:38 of 2nd period - Vince Dunn is hit by Christian Fischer.
13:57 of 2nd period - Icing by Michael Rasmussen.
13:58 of 2nd period - Calle Jarnkrok wins face-off versus Michael Rasmussen in Capitals zone.
14:01 of 2nd period - Shot by Joel Farabee.
14:01 of 2nd period - Shot Misses the Net.
14:03 of 2nd period - Shot by Dante Fabbro.
14:03 of 2nd period - Shot Blocked by Jonas Siegenthaler.
14:05 of 2nd period - Shot by Joel Farabee.
14:05 of 2nd period - Stopped by Joonas Korpisalo without a rebound.
14:06 of 2nd period - Calle Jarnkrok wins face-off versus Vinnie Hinostroza in Capitals zone.
14:09 of 2nd period - Shot by Dante Fabbro.
14:09 of 2nd period - Stopped by Joonas Korpisalo without a rebound.
14:10 of 2nd period - Calle Jarnkrok wins face-off versus Vinnie Hinostroza in Capitals zone.
14:21 of 2nd period - Shot by Aaron Ekblad.
14:21 of 2nd period - Stopped by Joonas Korpisalo without a rebound.
14:22 of 2nd period - Tyler Johnson wins face-off versus Johnny Gaudreau in Capitals zone.
14:22 of 2nd period - Tyler Johnson is hit by Jared McCann.
14:27 of 2nd period - David Kampf is hit by Vince Dunn and loses puck.
14:55 of 2nd period - Minor Penalty to Johnny Gaudreau for Diving.
14:56 of 2nd period - Quinton Byfield wins face-off versus Mika Zibanejad in Flyers zone.
15:53 of 2nd period - Shot by Tyler Johnson.
15:53 of 2nd period - Goal by Tyler Johnson - Capitals : 2 - Flyers : 4.
15:54 of 2nd period - Robert Thomas wins face-off versus Tyler Johnson in neutral zone.
16:11 of 2nd period - Shot by Robert Thomas.
16:11 of 2nd period - Stopped by Joonas Korpisalo with a rebound.
16:13 of 2nd period - Shot by Robert Thomas.
16:13 of 2nd period - Stopped by Joonas Korpisalo without a rebound.
16:14 of 2nd period - Eetu Luostarinen wins face-off versus Quinton Byfield in Capitals zone.
16:14 of 2nd period - Victor Hedman is hit by Jonas Siegenthaler and loses puck.
16:40 of 2nd period - Shot by Quinton Byfield.
16:40 of 2nd period - Stopped by Linus Ullmark with a rebound.
16:54 of 2nd period - Icing by Eetu Luostarinen.
16:55 of 2nd period - Vinnie Hinostroza wins face-off versus Eetu Luostarinen in Flyers zone.
17:01 of 2nd period - Jordan Greenway is hit by Aaron Ekblad and loses puck.
17:34 of 2nd period - Shot by Kevin Labanc.
17:34 of 2nd period - Stopped by Linus Ullmark without a rebound.
17:35 of 2nd period - Tyler Johnson wins face-off versus Robert Thomas in Flyers zone.
17:41 of 2nd period - Off-side.
17:42 of 2nd period - Morgan Frost wins face-off versus Robert Thomas in neutral zone.
18:01 of 2nd period - Shot by Vince Dunn.
18:01 of 2nd period - Stopped by Joonas Korpisalo without a rebound.
18:02 of 2nd period - Mika Zibanejad wins face-off versus Michael Rasmussen in Capitals zone.
18:21 of 2nd period - Shot by William Nylander.
18:21 of 2nd period - Shot Misses the Net.
18:23 of 2nd period - Shot by Mika Zibanejad.
18:23 of 2nd period - Shot Misses the Net.
18:25 of 2nd period - Shot by Mika Zibanejad.
18:25 of 2nd period - Shot Misses the Net.
18:54 of 2nd period - Icing by Cody Ceci.
18:55 of 2nd period - Michael Rasmussen wins face-off versus Robert Thomas in Capitals zone.
19:05 of 2nd period - Icing by Vince Dunn.
19:06 of 2nd period - Vinnie Hinostroza wins face-off versus Robert Thomas in Flyers zone.
19:29 of 2nd period - Shot by Kevin Labanc.
19:29 of 2nd period - Shot Blocked by Vince Dunn.
19:42 of 2nd period - Johnny Gaudreau is hit by Jonas Siegenthaler and loses puck.
19:49 of 2nd period - Shot by Robert Thomas.
19:49 of 2nd period - Stopped by Joonas Korpisalo with a rebound.
Goals for this period are 1 for Capitals vs 1 for Flyers.
Shots for this period are 12 for Capitals vs 17 for Flyers.

3rd period


0:01 of 3rd period - Calle Jarnkrok wins face-off versus Tyler Johnson in neutral zone.
0:30 of 3rd period - Shot by Victor Hedman.
0:30 of 3rd period - Stopped by Joonas Korpisalo with a rebound.
0:36 of 3rd period - Shot by Calle Jarnkrok.
0:36 of 3rd period - Shot Blocked by Cody Ceci.
0:38 of 3rd period - Shot by Aaron Ekblad.
0:38 of 3rd period - Shot Misses the Net.
1:17 of 3rd period - Mika Zibanejad is hit by Jordan Greenway and loses puck.
1:29 of 3rd period - Vince Dunn is hit by Ben Hutton and loses puck.
1:32 of 3rd period - Shot by Mika Zibanejad.
1:32 of 3rd period - Shot Misses the Net.
1:34 of 3rd period - Shot by Alex Pietrangelo.
1:34 of 3rd period - Stopped by Joonas Korpisalo without a rebound.
1:35 of 3rd period - Robert Thomas wins face-off versus Quinton Byfield in Capitals zone.
1:35 of 3rd period - Robert Thomas is hit by Jonas Siegenthaler.
1:37 of 3rd period - Shot by Jared McCann.
1:37 of 3rd period - Stopped by Joonas Korpisalo without a rebound.
1:38 of 3rd period - Quinton Byfield wins face-off versus Robert Thomas in Capitals zone.
1:38 of 3rd period - Quinton Byfield is hit by Jared McCann.
1:44 of 3rd period - Shot by Robert Thomas.
1:44 of 3rd period - Stopped by Joonas Korpisalo without a rebound.
1:45 of 3rd period - Quinton Byfield wins face-off versus Robert Thomas in Capitals zone.
1:45 of 3rd period - Quinton Byfield is hit by Johnny Gaudreau.
1:53 of 3rd period - Shot by David Kampf.
1:53 of 3rd period - Shot Blocked by Aaron Ekblad.
1:55 of 3rd period - Shot by Quinton Byfield.
1:55 of 3rd period - Shot Misses the Net.
1:57 of 3rd period - Shot by Michael Rasmussen.
1:57 of 3rd period - Shot Misses the Net.
1:59 of 3rd period - Shot by Quinton Byfield.
1:59 of 3rd period - Shot Blocked by Victor Hedman.
2:01 of 3rd period - Shot by David Kampf.
2:01 of 3rd period - Stopped by Linus Ullmark without a rebound.
2:02 of 3rd period - Kevin Labanc wins face-off versus Mika Zibanejad in Flyers zone.
2:35 of 3rd period - Shot by Mika Zibanejad.
2:35 of 3rd period - Stopped by Joonas Korpisalo without a rebound.
2:36 of 3rd period - Robert Thomas wins face-off versus Tyler Johnson in Capitals zone.
2:56 of 3rd period - Tyler Johnson is hit by Victor Hedman and loses puck.
2:57 of 3rd period - Tyler Johnson from Capitals is injured at 2:57 of 3rd period (Strained Left Knee).
2:58 of 3rd period - Calle Jarnkrok wins face-off versus Quinton Byfield in Flyers zone.
2:58 of 3rd period - Calle Jarnkrok is hit by Quinton Byfield.
3:10 of 3rd period - Shot by Alex Pietrangelo.
3:10 of 3rd period - Stopped by Joonas Korpisalo without a rebound.
3:11 of 3rd period - Vinnie Hinostroza wins face-off versus Robert Thomas in Capitals zone.
3:45 of 3rd period - Jared McCann is hit by Noah Dobson and loses puck.
4:32 of 3rd period - Shot by Michael Rasmussen.
4:32 of 3rd period - Stopped by Linus Ullmark without a rebound.
4:33 of 3rd period - Calle Jarnkrok wins face-off versus Vinnie Hinostroza in Flyers zone.
4:49 of 3rd period - Kevin Labanc is hit by Brandon Tanev and loses puck.
5:18 of 3rd period - Shot by Calle Jarnkrok.
5:18 of 3rd period - Stopped by Joonas Korpisalo without a rebound.
5:19 of 3rd period - Mika Zibanejad wins face-off versus Kaapo Kakko in Capitals zone.
5:46 of 3rd period - Jake DeBrusk is hit by Michael Rasmussen and loses puck.
7:02 of 3rd period - Shot by Jared McCann.
7:02 of 3rd period - Stopped by Joonas Korpisalo without a rebound.
7:03 of 3rd period - Vinnie Hinostroza wins face-off versus Calle Jarnkrok in Capitals zone.
7:03 of 3rd period - Vinnie Hinostroza is hit by Brandon Tanev.
7:06 of 3rd period - Minor Penalty to Joel Farabee for Hooking.
7:07 of 3rd period - Jordan Greenway wins face-off versus Mika Zibanejad in Flyers zone.
7:28 of 3rd period - Shot by Cody Ceci.
7:28 of 3rd period - Shot Misses the Net.
7:30 of 3rd period - Shot by Jordan Greenway.
7:30 of 3rd period - Stopped by Linus Ullmark without a rebound.
7:31 of 3rd period - Mika Zibanejad wins face-off versus Michael Rasmussen in Flyers zone.
7:50 of 3rd period - Shot by Robert Thomas.
7:50 of 3rd period - Stopped by Joonas Korpisalo with a rebound.
8:00 of 3rd period - Shot by Robert Thomas.
8:00 of 3rd period - Stopped by Joonas Korpisalo without a rebound.
8:01 of 3rd period - Mika Zibanejad wins face-off versus Quinton Byfield in Capitals zone.
8:54 of 3rd period - Off-side.
8:55 of 3rd period - Michael Rasmussen wins face-off versus Mika Zibanejad in neutral zone.
9:19 of 3rd period - Shot by Johnny Gaudreau.
9:19 of 3rd period - Shot Misses the Net.
9:21 of 3rd period - Shot by Robert Thomas.
9:21 of 3rd period - Goal by Robert Thomas - Capitals : 2 - Flyers : 5.
9:22 of 3rd period - Eetu Luostarinen wins face-off versus Vinnie Hinostroza in neutral zone.
9:45 of 3rd period - Vinnie Hinostroza is hit by Tomas Tatar.
9:54 of 3rd period - Minor Penalty to Eetu Luostarinen for Cross-checking.
9:55 of 3rd period - Mika Zibanejad wins face-off versus Kevin Labanc in Flyers zone.
9:55 of 3rd period - Mika Zibanejad is hit by Quinton Byfield.
10:31 of 3rd period - Shot by Quinton Byfield.
10:31 of 3rd period - Stopped by Linus Ullmark without a rebound.
10:32 of 3rd period - Michael Rasmussen wins face-off versus Robert Thomas in Flyers zone.
11:34 of 3rd period - Shot by Noah Dobson.
11:34 of 3rd period - Stopped by Linus Ullmark with a rebound.
11:36 of 3rd period - Shot by Jordan Greenway.
11:36 of 3rd period - Shot Misses the Net.
11:38 of 3rd period - Shot by Quinton Byfield.
11:38 of 3rd period - Shot Misses the Net.
11:40 of 3rd period - Shot by Noah Dobson.
11:40 of 3rd period - Stopped by Linus Ullmark without a rebound.
11:41 of 3rd period - Robert Thomas wins face-off versus Michael Rasmussen in Flyers zone.
11:54 of 3rd period - Alex Pietrangelo is hit by Jordan Greenway.
12:11 of 3rd period - Icing by David Kampf.
12:12 of 3rd period - Vinnie Hinostroza wins face-off versus Mika Zibanejad in Capitals zone.
12:24 of 3rd period - Shot by Jake DeBrusk.
12:24 of 3rd period - Stopped by Joonas Korpisalo without a rebound.
12:25 of 3rd period - Michael Rasmussen wins face-off versus Robert Thomas in Capitals zone.
12:30 of 3rd period - Shot by Quinton Byfield.
12:30 of 3rd period - Shot Blocked by Alex Pietrangelo.
13:42 of 3rd period - Shot by Morgan Frost.
13:42 of 3rd period - Stopped by Linus Ullmark without a rebound.
13:43 of 3rd period - Calle Jarnkrok wins face-off versus Vinnie Hinostroza in Flyers zone.
13:43 of 3rd period - Brandon Tanev is hit by Kevin Labanc.
14:13 of 3rd period - Calle Jarnkrok is hit by Jordan Greenway and loses puck.
15:03 of 3rd period - Shot by William Nylander.
15:03 of 3rd period - Shot Misses the Net.
15:11 of 3rd period - Shot by Mika Zibanejad.
15:11 of 3rd period - Shot Blocked by Vinnie Hinostroza.
15:13 of 3rd period - Shot by Jake DeBrusk.
15:13 of 3rd period - Stopped by Joonas Korpisalo without a rebound.
15:14 of 3rd period - Michael Rasmussen wins face-off versus Robert Thomas in Capitals zone.
15:30 of 3rd period - Icing by Vince Dunn.
15:31 of 3rd period - Robert Thomas wins face-off versus Michael Rasmussen in Flyers zone.
16:34 of 3rd period - Noah Dobson is hit by William Nylander.
16:50 of 3rd period - Shot by Mika Zibanejad.
16:50 of 3rd period - Shot Misses the Net.
17:00 of 3rd period - Shot by Mika Zibanejad.
17:00 of 3rd period - Stopped by Joonas Korpisalo without a rebound.
17:01 of 3rd period - Calle Jarnkrok wins face-off versus Michael Rasmussen in Capitals zone.
17:02 of 3rd period - Shot by Brandon Tanev.
17:02 of 3rd period - Stopped by Joonas Korpisalo with a rebound.
17:04 of 3rd period - Shot by Joel Farabee.
17:04 of 3rd period - Stopped by Joonas Korpisalo without a rebound.
17:05 of 3rd period - Calle Jarnkrok wins face-off versus Vinnie Hinostroza in Capitals zone.
17:13 of 3rd period - Minor Penalty to Brandon Tanev for Elbowing.
17:14 of 3rd period - Michael Rasmussen wins face-off versus Eetu Luostarinen in Flyers zone.
17:35 of 3rd period - Shot by Kaapo Kakko.
17:35 of 3rd period - Stopped by Linus Ullmark without a rebound.
17:36 of 3rd period - Mika Zibanejad wins face-off versus Quinton Byfield in Flyers zone.
18:39 of 3rd period - Morgan Frost is hit by Vince Dunn and loses puck.
18:58 of 3rd period - Shot by Michael Rasmussen.
18:58 of 3rd period - Stopped by Linus Ullmark with a rebound.
19:41 of 3rd period - Off-side.
19:42 of 3rd period - Eetu Luostarinen wins face-off versus Vinnie Hinostroza in neutral zone.
Goals for this period are 0 for Capitals vs 1 for Flyers.
Shots for this period are 9 for Capitals vs 16 for Flyers.